 Dungeon Crawl Stone Soup version 0.29-a0-380-gf50f0a9fbc (webtiles) character file.

Game seed: 16245148544741764407

39 bastard the Firebug (level 3, -3/19 HPs)
             Began as a Tengu Fire Elementalist on May 6, 2022.
             Slain by Ijyb
             ... wielding a +0 dagger of electrocution
              (19 damage)
             ... on level 3 of the Dungeon.
             The game lasted 00:04:21 (1822 turns).

bastard the Firebug (Tengu Fire Elementalist)       Turns: 1822, Time: 00:04:21

Health: -3/19      AC:  3    Str: 14    XL:     3   Next: 47%
Magic:  3/7        EV: 12    Int: 17    God:
Gold:   147        SH:  0    Dex: 14    Spells: 3/6 levels left

rFire   . . .      SeeInvis .   (no weapon)
rCold   . . .      Faith    .   (no shield)
rNeg    . . .      Spirit   .   a - +1 robe
rPois   .          Reflect  .   (helmet restricted)
rElec   .          Harm     .   (no cloak)
rCorr   .          Rampage  .   (no gloves)
Will    .....                   (boots unavailable)
Stlth   ++........              g - amulet of regeneration
HPRegen 0.86/turn               h - +6 ring of strength
MPRegen 0.10/turn               (no ring)

@: no status effects
A: beak, talons 3, antennae 1, MP-powered wands
a: no special abilities


You were on level 3 of the Dungeon.
You visited 1 branch of the dungeon, and saw 3 of its levels.

You collected 147 gold pieces.

Inventory:

Armour
 a - a +1 robe (worn)
Jewellery
 c - a +6 ring of strength
 g - an amulet of regeneration (around neck)
 h - a +6 ring of strength (left hand)
Scrolls
 d - 3 scrolls of teleportation
Potions
 b - a potion of magic
 f - a potion of heal wounds
 i - 2 potions of attraction
 j - a potion of brilliance


   Skills:
 - Level 2.1 Dodging
 - Level 2.0 Stealth
 - Level 2.0 Spellcasting
 + Level 3.3 Conjurations
 - Level 4.1 Fire Magic


You had 3 spell levels left.
You knew the following spells:

 Your Spells              Type           Power      Damage    Failure   Level
a - Foxfire               Conj/Fire      56%        2x1d6     4%          1
b - Scorch                Fire           30%        2d6       5%          2

Your spell library contained the following spells:

 Spells                   Type           Power      Damage    Failure   Level
 Conjure Flame            Conj/Fire      14%        6-21      13%         3
 Summon Small Mammal      Summ           4%         N/A       19%         1
 Inner Flame              Hex/Fire       8%         N/A       26%         3
 Call Canine Familiar     Summ           1%         N/A       50%         3
 Gell's Gravitas          Tloc           1%         N/A       50%         3
 Lesser Beckoning         Tloc           1%         N/A       50%         3
 Summon Guardian Golem    Hex/Summ       1%         N/A       50%         3
 Teleport Other           Tloc           1%         N/A       50%         3
 Flame Wave               Conj/Fire      14%        2d6       38%         4


Dungeon Overview and Level Annotations

Branches:
Dungeon (3/15)

Altars:
Xom

Shops:
D:1 =

Annotations:
D:3 Ijyb


Innate Abilities, Weirdness & Mutations

You have a beak for a mouth.
You have claws for feet.
You have a pair of small antennae on your head.
You expend magic power (3 MP) to strengthen your wands.


Message History

The quokka is almost dead.
You conjure some foxfire!
The quokka bites you.
The foxfire hits the quokka.
You kill the quokka!
Your foxfire dissipates!
Found a stone staircase leading up.
e - a scroll labelled KAHIWN VUVE
As you read the scroll labelled KAHIWN VUVE, it crumbles to dust.
It is a scroll of amnesia.
Really abort (and waste the scroll)?
Okay, then.
Done exploring.
Done exploring.
(D) Dungeon
Where to? (Enter - D:2, ? - help)
There is a stone staircase leading down here.
You climb downwards.
There is a stone staircase leading up here.
Found a stone staircase leading down.
e - a scroll labelled XEIZEJOSIR
As you read the scroll labelled XEIZEJOSIR, it crumbles to dust.
Your body is wracked with pain!
It was a scroll of torment.
HP restored.
You sense a monster nearby.
You now have 147 gold pieces (gained 14).
Ijyb the Twisted Goblin comes into view.
She is wielding a +0 dagger of electrocution and carrying a wand of iceblast (11).
Ijyb shouts!
You conjure some foxfire!
The foxfire hits Ijyb but does no damage.
Casting: Foxfire (safe; 4% risk of failure)
Confirm with . or Enter, or press ? or * to list all spells.
Flames lash Ijyb.
Ijyb is moderately wounded.
Ijyb's fire resistance burns away.
The foxfire hits Ijyb.
Ijyb is moderately wounded.
You conjure some foxfire!
Ijyb hits you with a +0 dagger of electrocution.
You are electrocuted!!
Ouch! That really hurt!
You die...

####..........#
#..........#
##.##......#
#.######### #.#
#####.# #
#.....#
#.##v##.####
#..g@.......
####v##.####
#.##.# #.##+#
#.# #.# #.# #.#


You could see Ijyb (combustible, ally target).

Vanquished Creatures
  A worm (D:2)
  A dart slug (D:2)
  3 endoplasms
  4 giant cockroaches
  2 goblins (D:1)
  4 hobgoblins
  A kobold (D:2)
  3 quokkas
  3 ball pythons (D:1)
  2 bats (D:1)
  3 frilled lizards (D:1)
  5 rats
32 creatures vanquished.

Vanquished Creatures (others)
  108 foxfires
  7 fungi (D:2)
  5 plants (D:2)
120 creatures vanquished.

Grand Total: 152 creatures vanquished

Notes
Turn   | Place    | Note
-------+----------+-------------------------------------------
     0 | D:1      | bastard the Tengu Fire Elementalist began the quest for the
                  | Orb.
     0 | D:1      | Reached XP level 1. HP: 10/10 MP: 4/4
   175 | D:1      | Found Usotzirgh's Jewellery Shoppe.
   264 | D:1      | Reached XP level 2. HP: 14/15 MP: 1/6
   267 | D:1      | Learned a level 2 spell: Scorch
   428 | D:1      | Gained mutation: You have a pair of small antennae on your
                  | head. [potion of mutation]
   428 | D:1      | Gained mutation: You expend magic power (3 MP) to
                  | strengthen your wands. [potion of mutation]
   744 | D:1      | Reached skill level 4 in Fire Magic
  1066 | D:2      | Reached XP level 3. HP: 19/19 MP: 0/7
  1515 | D:2      | Found a faded altar of an unknown god.
  1639 | D:2      | Found a shimmering altar of Xom.
  1818 | D:3      | Noticed Ijyb
  1822 | D:3      | Slain by Ijyb

Illustrated notes

Levels and vault maps discovered:
D:1:      dpeg_arrival_pond, layout_loops_ring, serial_shops,
          nicolae_lakefront_shop
D:2:      layout_rooms, basic_altar, shapermc_ecumenical_altar_hornbeckon
D:3:      layout_basic, led_sif_book, ebering_ghost_sewer_f, uniq_ijyb,
          uniq_terence, uniq_grinder

Skill      XL: |  1  2  3 |
---------------+----------+-----
Conjurations   | 2 3 |  3.3
Fire Magic     | 4 |  4.1
Dodging        | |  2.1
Stealth        | |  2.0
Spellcasting   | |  2.0

Action                   || total
-------------------------++-------
Melee: Unarmed           ||     1
       Kick              ||     1
 Cast: Foxfire           ||    66
       Scorch            ||     1
  Use: Scroll            ||    11
       Potion            ||     1
Armor: Robe              ||     4
Dodge: Dodged            ||     5

Table legend: (Time is in decaauts)
 A = Elapsed time spent in this place.
 B = Non-inter-level travel time spent in this place.
 C = Inter-level travel time spent in this place.
 D = Time resting spent in this place.
 E = Time spent auto-exploring this place.
 F = Levels seen in this place.
 G = Mean time per level.
                   A        B        C        D        E       F      G
               +--------+--------+--------+--------+--------+-----+--------+
         Total |   1824 |   1788 |     36 |      0 |   1512 |   3 |  608.0 |
       Dungeon |   1824 |   1788 |     36 |      0 |   1512 |   3 |  608.0 |
               +--------+--------+--------+--------+--------+-----+--------+

Top non-repeatable levels by time:
     D:1: 1035 daAuts
     D:2: 732 daAuts
     D:3: 56 daAuts
